AoeStats
← RickSteel2

Arena

507380846Analyzed
1v1 RM · 15d ago on Sep 18, 2026· 47m 27s· 2 players
Game mode
Random Map
Map size
Tiny (2 player)
Population
200
Speed
Normal
Resources
Standard
Victory
Conquest
Starting age
Dark Age
Ending age
Imperial Age
RankedLock teamsTeams togetherTeam positionsShared explorationLock speedFull tech treeHidden civsTurbo modeCheats
Victory
Defeat
🇺🇸 Byzantines · United States
695
+17
🇧🇪 Mongols · Belgium
719
-17
RickSteel2
11:16 Feudal Age
13:53 Double-Bit Axe
13:54 Horse Collar
16:55 Castle Age
15:21 Gold Mining
17:41 Forging
17:19 Light Cavalry
19:38 Fervor
21:03 Sanctity
22:11 Bow Saw
24:32 Wheelbarrow
26:56 Iron Casting
26:56 Husbandry
30:59 Imperial Age
29:10 Hand Cart
28:42 Loom
29:19 Heavy Plow
29:40 Murder Holes
30:30 Pikeman
31:11 Squires
31:15 Halberdier
32:25 Guilds
33:19 Two-Man Saw
32:41 Fletching
32:52 Padded Archer Armor
32:17 Elite Skirmisher
33:03 Stone Mining
33:50 Gold Shaft Mining
33:36 Fortified Wall
34:18 Bodkin Arrow
34:40 Leather Archer Armor
35:56 Block Printing
35:51 Redemption
35:17 Heavy Camel Rider
36:24 Thumb Ring
37:24 Chemistry
36:44 Ballistics
36:47 Conscription
37:03 Hoardings
37:47 Bracer
38:17 Ring Archer Armor
37:48 Scale Mail Armor
38:18 Scale Barding Armor
39:24 Stone Shaft Mining
39:46 Crop Rotation
42:51 Chain Mail Armor
42:57 Chain Barding Armor
Zwoele_Sjmaan
12:11 Feudal Age
13:19 Double-Bit Axe
13:29 Gold Mining
17:05 Castle Age
16:57 Horse Collar
18:02 Bow Saw
19:42 Wheelbarrow
19:36 Heavy Plow
21:52 Gold Shaft Mining
22:05 Forging
25:07 Bloodlines
25:01 Husbandry
27:02 Hand Cart
27:09 Scale Barding Armor
28:53 Iron Casting
29:46 Stone Mining
31:23 Stone Shaft Mining
35:57 Imperial Age
33:39 Fletching
33:50 Padded Archer Armor
35:03 Thumb Ring
36:38 Bodkin Arrow
37:14 Parthian Tactics
36:49 Town Watch
38:00 Conscription
37:07 Cavalier
38:12 Chain Barding Armor
38:53 Blast Furnace
37:57 Bracer
39:02 Chemistry
38:08 Siege Engineers
38:28 Ballistics
38:04 Murder Holes
38:56 Leather Archer Armor
39:45 Blast Furnace
38:20 Pikeman
39:01 Squires
38:50 Elite Mangudai
39:01 Elite Mangudai
45:01 Onager
46:01 Scale Mail Armor
46:14 Onager
Connection lost

Rejoining the realm…

Still unreachable

The connection could not be restored.

Session expired

The server has moved on; the page needs a fresh start.